 Dungeon Crawl Stone Soup version bcrawl-1.12-8-g964540c432 (webtiles) character file.

Game seed: 14335174996489015111

109830 MisterOstroum the Warrior (level 17, -8/145 HPs)
             Began as a Human Archaeologist on June 4, 2019.
             Was the Champion of Wu Jian.
             Killed by the raging water
             ... invoked by a water nymph
              (21 damage)
             ... on level 3 of the Shoals.
             The game lasted 01:57:27 (20487 turns).

MisterOstroum the Warrior (Human Archaeologist)    Turns: 20487, Time: 01:57:27

Health: -8/145     AC: 19    Str: 14    XL:     17   Next: 8%
Magic:  0/27       EV: 17    Int: 17    God:    Wu Jian [******]
Gold:   1850       SH:  0    Dex: 16    Spells: 16/16 levels left

rFire    + . .     SeeInvis .   t - +3 lajatang of Internal Strife {drain, +Blink}
rCold    . . .     Gourm    .   (shield currently unavailable)
rNeg     . . .     Faith    .   f - +4 moon troll leather armour {Spirit, Regen++ MP+5}
rPois    .         Spirit   +   i - +1 helmet
rElec    .         Reflect  .   I - +2 cloak
rCorr    +         Harm     .   d - +1 pair of gloves
MR       +....                  c - +1 pair of boots
Stlth    +.........             H - amulet of regeneration
HPRegen  1.54/turn              g - +2 ring of dexterity
MPRegen  0.20/turn              h - ring of Veuqumn {rCorr rF+ Stlth+}

@: very slightly contaminated, very heavily drained, very slow
A: no striking features
a: Wall Jump, Serpent's Lash, Heavenly Storm, Renounce Religion, Evoke Blink


You were on level 3 of the Shoals.
You worshipped Wu Jian.
Wu Jian was exalted by your worship.
You were hungry.

You visited 4 branches of the dungeon, and saw 20 of its levels.
You also visited: Sewer and Bailey.

You collected 2204 gold pieces.
You spent 354 gold pieces at shops.

Inventory:

Hand Weapons
 t - the +3 lajatang of Internal Strife (weapon) {drain, +Blink}
   (You acquired it in a bailey)

   A truly terrible weapon, it drains the life of those it strikes.
   It lets you blink.
 R - a +5 blowgun
Missiles
 r - 584 poisoned needles
 u - 3036 stones
 v - 119 javelins
 F - 619 steel javelins
 L - 4 throwing nets {!f!f}
 M - 781 tomahawks (quivered)
 N - 17 exploding tomahawks
 T - 41 curare-tipped needles {!f}
 W - 49 poisoned tomahawks
Armour
 c - a +1 pair of boots (worn)
 d - a +1 pair of gloves (worn)
 f - the +4 moon troll leather armour (worn) {Spirit, Regen++ MP+5}

   It affects your magic capacity (+5).
   It increases your rate of regeneration.
 i - a +1 helmet (worn)
 A - a +0 plate armour of fire resistance
 I - a +2 cloak (worn)
Jewellery
 g - a +2 ring of dexterity (left hand)
 h - the ring of Veuqumn (right hand) {rCorr rF+ Stlth+}
   (You found it in a bailey)

   [ring of resist corrosion]

   It protects you from fire.
   It makes you more stealthy.
 G - an uncursed ring of see invisible
 H - an amulet of regeneration (around neck)
 U - an uncursed ring of flight
 Z - an uncursed ring of protection from cold
Wands
 b - a wand of acid (11)
 y - a wand of paralysis (21)
 J - a wand of disintegration (22)
 S - a wand of digging (15)
 V - a wand of iceblast (9)
 Y - a wand of polymorph (13)
Scrolls
 a - 3 scrolls of magic mapping {@r5 !r}
 l - 2 scrolls of vulnerability
 n - 17 scrolls of remove curse {@r2}
 q - a scroll of blinking {@r4}
 x - 4 scrolls of fear {!r}
 C - 2 scrolls of fog {!r}
 D - 9 scrolls of teleportation {@r3 !r}
 E - a scroll of noise {unknown}
 O - a scroll of identify {@r1}
Potions
 j - 11 potions of curing {@q1 !q}
 k - 4 potions of brilliance
 m - 3 potions of might {@q3 !q}
 o - 2 potions of haste {@q4 !q}
 p - 2 potions of cancellation
 w - a potion of agility {@q5 !q}
 z - 3 potions of invisibility
 B - 2 potions of heal wounds {@q2 !q}
 K - 2 potions of ambrosia
 Q - a potion of magic
 X - a potion of resistance
Comestibles
 e - 29 rations {!d}


   Skills:
 - Level 16.4(12.4) Fighting
   Level 1.2(0.0) Axes
 - Level 14.0(10.2) Staves
 + Level 11.2(7.7) Throwing
 + Level 11.2(7.7) Armour
 + Level 11.2(7.7) Dodging
 - Level 3.6(0.7) Stealth
 * Level 6.9(3.7) Evocations


You had 16 spell levels left.
You didn't know any spells.
Your spell library contained the following spells:

 Spells                   Type           Power        Failure   Level  Hunger
 Apportation              Tloc           #.....       28%         1    ##.....
 Infusion                 Chrm           #.......     28%         1    ##.....
 Sandblast                Erth           #.....       28%         1    ##.....
 Slow                     Hex            #.......     28%         1    ##.....
 Summon Butterflies       Summ           #.......     28%         1    ##.....
 Summon Small Mammal      Summ           #...         28%         1    ##.....
 Call Imp                 Summ           #.......     38%         2    ###....
 Passwall                 Tmut/Erth      #.......     38%         2    ###....
 Call Canine Familiar     Summ           #.......     63%         3    ####...
 Stone Arrow              Conj/Erth      #.....       63%         3    ####...
 Petrify                  Tmut/Erth      #.......     95%         4    #####..
 Summon Ice Beast         Ice/Summ       #.......     95%         4    #####..
 Lee's Rapid Deconstruct  Erth           #.........   100%        5    ######.
 Summon Lightning Spire   Summ/Air       #.......     100%        5    ######.


Dungeon Overview and Level Annotations

Branches:
Dungeon (10/12)            Temple (1/1) D:4            Lair (6/6) D:10
 Shoals (3/3) Lair:2       Spider (0/3) Lair:3        Slime (0/5) Lair:6
    Orc: D:8-11

Altars:
Ashenzari
Cheibriados
Fedhas
Hepliaklqana
Kikubaaqudgha
Nemelex Xobeh
Okawaru
Qazlal
Sif Muna
Trog
Uskayaw
Vehumet
Wu Jian
Yredelemnul
Zin
The Shining One

Shops:
D:5 =   D:7 *

Annotations:
D:8 exclusion: 2 doors, Harold
Lair:1 exclusion: 2 oklob plants
Lair:3 2 transporters, yrara's ghost, journeyman DsFi


Message History

There is an escape hatch in the ceiling here.
You enter the shallow water.
Moving in this stuff is going to be slow.
Magic restored.
Things that are here:
a +0 robe; a +1 demon trident of draining You see here a book of Callings.
You see here a +0 trident.
You enter the shallow water.
Moving in this stuff is going to be slow.
You enter the shallow water.
Moving in this stuff is going to be slow.
There is an escape hatch in the floor here.
Really go through this one-way escape hatch?
You slide downwards.
The hatch slams shut behind you.
The merfolk throws a tomahawk of dispersal.
The tomahawk of dispersal completely misses you.
The merfolk javelineer throws a javelin.
The javelin hits you!!
The merfolk throws a tomahawk of dispersal.
The tomahawk of dispersal hits you!
You blink.
The merfolk throws a tomahawk.
The tomahawk hits you!
The merfolk javelineer throws a javelin.
The javelin misses you.
The merfolk throws a tomahawk of dispersal.
The tomahawk of dispersal hits you!
You blink.
You enter the shallow water.
Moving in this stuff is going to be slow.
The merfolk javelineer throws a javelin.
The javelin hits you.
The merfolk throws a tomahawk.
The tomahawk barely misses you.
The merfolk javelineer throws a javelin.
The javelin hits you but does no damage.
The merfolk javelineer throws a javelin.
The javelin closely misses you.
The merfolk throws a tomahawk of dispersal.
The tomahawk of dispersal closely misses you.
The merfolk throws a tomahawk of dispersal.
The tomahawk of dispersal hits you.
You blink.
You are feeling hungry.
You enter the shallow water.
Moving in this stuff is going to be slow.
The merfolk javelineer throws a javelin.
The javelin hits you!
The merfolk throws a tomahawk of dispersal.
The tomahawk of dispersal hits you.
You blink.
Splash!
A water nymph comes into view.
The water nymph shouts!
The water nymph casts a spell at you. The water swirls and strikes you!
The water nymph points at you and mumbles some strange words.
The water swirls and strikes you!
The merfolk throws a tomahawk of dispersal.
The tomahawk of dispersal hits you.
You blink.
Splash!
A wind drake comes into view.
The wind drake hisses angrily.
The water nymph points at you and mumbles some strange words.
The water swirls and strikes you!
The water nymph points at you and mumbles some strange words.
The water swirls and strikes you!
* * * LOW HITPOINT WARNING * * *
The wind drake exhales a fierce blast of wind!
You are blown backwards!
A water nymph comes into view.
The water nymph's watery aura covers the alarm trap.
The water nymph flows with the water. x2
Blink to where?
Press: ? - help, Dir - move target cursor You are very lightly contaminated with residual magic.
As you read the scroll of blinking {@r4}, it crumbles to dust.
The water nymph flows with the water.
Really read
D - 10 scrolls of teleportation {@r3 !r}?
As you read the scroll of teleportation {@r3 !r}, it crumbles to dust.
You feel strangely unstable.
You hit the water nymph.
The water nymph is lightly wounded.
You completely miss the water nymph.
The water nymph is lightly wounded.
The water nymph closely misses you.
You hit the water nymph.
The water nymph is lightly wounded.
The water nymph closely misses you.
Splash!
You fall into the shallow water.
Moving in this stuff is going to be slow.
The merfolk javelineer completely misses you.
You slash the water nymph! You drain the water nymph.
The water nymph is heavily wounded.
Your surroundings seem slightly different.
Splash!
You fall into the shallow water.
Moving in this stuff is going to be slow.
The water nymph casts a spell at you. The water swirls and strikes you!
* * * LOW HITPOINT WARNING * * *
The water nymph gestures at you while chanting.
The water swirls and strikes you!
You die...

≈≈≈≈≈≈≈≈≈≈≈≈≈≈≈
≈≈≈≈≈≈≈≈≈≈≈≈≈≈≈
≈≈≈≈≈≈≈≈≈≈≈≈≈≈≈
≈≈≈≈≈≈≈≈≈≈≈≈≈≈≈
≈≈≈≈≈≈≈≈≈≈≈≈≈≈≈
≈≈≈≈≈≈≈≈≈≈≈≈≈≈≈
≈≈PPP≈P≈≈≈≈≈≈≈≈≈≈
≈≈≈≈≈≈≈≈@≈≈≈≈≈≈≈≈≈≈≈≈≈≈
PP≈≈P≈.≈≈≈≈≈≈≈≈≈≈≈≈≈≈≈≈
≈≈≈≈≈≈≈≈≈≈≈P≈≈≈≈≈≈≈≈≈≈.
≈≈P≈P≈≈≈≈≈≈≈≈≈≈≈≈P≈≈...
≈≈≈≈≈≈≈≈≈≈≈m≈≈≈≈≈≈≈≈≈..
≈≈≈≈≈≈≈≈≈≈≈≈≈≈≈≈≈P≈≈≈≈≈
....≈≈≈....≈≈≈≈k≈≈≈≈P≈≈≈≈P
....≈≈P..##≈≈≈m≈mm§PPP≈≈≈≈
.#..≈....###≈≈≈≈m#####P.P≈#


You could see a merfolk javelineer, a wind drake, a merfolk and 2 water nymphs.

Vanquished Creatures
  2 merfolk javelineers (Shoals:2)
  A merfolk impaler (Shoals:2)
  A centaur warrior (D:9)
  3 hydras
  Erica (D:8)
  An alligator snapping turtle (Shoals:2)
  2 merfolk avatars
  2 two-headed ogres (D:8)
  2 satyrs
  A catoblepas (Lair:4)
  6 death yaks
  Sonja (Lair:1)
  5 sea snakes
  22 harpies
  6 manticores
  3 elephants
  7 fauns
  3 water nymphs
  2 black mambas
  3 merfolk sirens
  2 rime drakes
  17 cane toads
  5 komodo dragons
  A troll (D:8)
  8 merfolk
  3 wind drakes
  4 polar bears (Lair:6)
  Prince Ribbit (D:6)
  4 hornets (Lair:6)
  A raiju (shapeshifter) (D:9)
  2 snapping turtles (Shoals:2)
  6 dream sheep (Lair:6)
  13 blink frogs
  6 hippogriffs
  A redback (Lair:3)
  12 spriggans (Lair:6)
  3 water elementals
  65 yaks
  3 basilisks
  2 wyverns
  A steam dragon (D:8)
  3 hungry ghosts
  11 porcupines
  13 water moccasins
  A soldier ant (Lair:1)
  An acid dragon (Lair:6)
  5 orc warriors
  3 ice beasts
  5 sky beasts
  9 black bears
  A phantom (D:6)
  A necrophage (D:6)
  3 boggarts (Lair:6)
  5 ogres
  25 wolves
  5 centaurs
  20 crocodiles
  A big kobold (D:6)
  14 bullfrogs
  A wyvern zombie (D:6)
  A water moccasin zombie (D:7)
  2 scorpions
  3 killer bees (D:10)
  2 howler monkeys
  2 electric eels
  2 centaur zombies
  8 crimson imps
  18 jellies
  A quasit (D:5)
  A bullfrog zombie (D:9)
  6 hounds
  Crazy Yiuf (D:4)
  2 gnoll shamans (D:6)
  3 orc priests
  A bullfrog skeleton (D:6)
  8 orc wizards
  An iguana (D:6)
  5 hell rats (Lair:5)
  8 worker ants
  2 hound zombies (D:5)
  A worker ant zombie (D:6)
  4 gnolls
  10 adders
  A river rat (D:4)
  A shadow imp (D:8)
  10 oozes
  An adder skeleton (D:8)
  An adder zombie (D:6)
  10 worms
  2 dart slugs
  8 leopard geckos
  46 orcs
  5 giant cockroaches
  11 goblins
  10 hobgoblins
  4 jackals (Sewer)
  2 quokkas (D:2)
  3 ball pythons
  9 bats
  3 frilled lizards
  28 kobolds
  10 rats
  A plant (Lair:1)
619 creatures vanquished.

Vanquished Creatures (others)
  A merfolk avatar (Shoals:2)
  A merfolk (Shoals:2)
  9 fungi
  14 plants
25 creatures vanquished.

Grand Total: 644 creatures vanquished

Notes
Turn   | Place    | Note
-------+----------+-------------------------------------------
     0 | D:1      | MisterOstroum the Human Archaeologist began the quest for
                  | the Orb.
     0 | D:1      | Reached XP level 1. HP: 15/15 MP: 1/1
    92 | D:1      | Reached skill level 1 in Throwing
    92 | D:1      | Reached XP level 2. HP: 9/21 MP: 2/2
  1024 | D:2      | Reached skill level 2 in Fighting
  1030 | D:2      | Reached XP level 3. HP: 27/27 MP: 3/3
  1073 | D:2      | Reached skill level 1 in Armour
  1708 | D:2      | Reached XP level 4. HP: 33/33 MP: 4/4
  2376 | D:3      | Reached skill level 5 in Armour
  2399 | D:3      | Reached XP level 5. HP: 10/38 MP: 5/5
  2424 | D:3      | HP: 1/38 [orc/+0 hand axe (5)]
  3082 | D:3      | Noticed a centaur
  3103 | D:3      | Killed a centaur
  3103 | D:3      | Reached XP level 6. HP: 16/44 MP: 6/6
  3672 | D:4      | Found a glowing drain.
  3691 | Sewer    | Entered a sewer
  4350 | D:4      | Found a basalt altar of Yredelemnul.
  4354 | D:4      | Found an iron altar of Okawaru.
  4552 | D:4      | Found a staircase to the Ecumenical Temple.
  4567 | Temple   | Entered the Ecumenical Temple
  4602 | Temple   | Became a worshipper of the Wu Jian Council
  4801 | D:4      | Reached XP level 7. HP: 51/51 MP: 7/7
  4822 | D:4      | Reached skill level 3 in Fighting
  5179 | D:4      | Found a runed door.
  5251 | D:4      | Found a sparkling altar of Nemelex Xobeh.
  5308 | D:4      | Noticed Crazy Yiuf
  5317 | D:4      | Killed Crazy Yiuf
  5317 | D:4      | Reached skill level 1 in Axes
  5387 | D:5      | Entered Level 5 of the Dungeon
  5454 | D:5      | Found Gaddavecuj's Jewellery Boutique.
  5468 | D:5      | Bought an uncursed ring of see invisible for 165 gold
                  | pieces
  5608 | D:5      | Reached skill level 4 in Fighting
  5608 | D:5      | Reached skill level 1 in Staves
  5757 | D:5      | Reached XP level 8. HP: 56/61 MP: 8/8
  5954 | D:6      | Reached skill level 5 in Fighting
  6040 | D:6      | Noticed Prince Ribbit
  6068 | D:6      | Killed Prince Ribbit
  6068 | D:6      | Reached skill level 6 in Fighting
  6068 | D:6      | Reached skill level 5 in Staves
  6218 | D:6      | Reached XP level 9. HP: 64/71 MP: 9/9
  6355 | D:6      | Reached * piety under Wu Jian
  6365 | D:6      | Reached skill level 7 in Fighting
  6525 | D:6      | Reached skill level 8 in Fighting
  6595 | D:6      | Noticed a hippogriff
  6623 | D:6      | Killed a hippogriff
  6625 | D:6      | Reached XP level 10. HP: 55/82 MP: 10/10
  7108 | D:7      | Reached ** piety under Wu Jian
  7125 | D:7      | Reached skill level 9 in Fighting
  7344 | D:7      | Found Innasena's General Store.
  7373 | D:7      | Bought a scroll of identify for 28 gold pieces
  7382 | D:7      | Bought a +1 helmet for 161 gold pieces
  7829 | D:8      | Got a fine leather armour
  7867 | D:8      | Identified the cursed +1 leather armour of the Twenty Stars
                  | {Int+7} (You found it on level 8 of the Dungeon)
  7998 | D:8      | Noticed Erica
  8011 | D:8      | Killed Erica
  8011 | D:8      | Reached skill level 10 in Fighting
  8011 | D:8      | Reached skill level 10 in Staves
  8071 | D:8      | Noticed Harold
  8357 | D:8      | Reached *** piety under Wu Jian
  8509 | D:8      | Noticed a two-headed ogre
  8513 | D:8      | Reached skill level 1 in Evocations
  8513 | D:8      | Reached XP level 11. HP: 80/90 MP: 11/11
  8513 | D:8      | Noticed a two-headed ogre
  8519 | D:8      | Killed a two-headed ogre
  8525 | D:8      | Killed a two-headed ogre
  8839 | D:9      | Noticed a centaur warrior
  8871 | D:9      | Killed a centaur warrior
  8946 | D:9      | Found a flagged portal.
  8959 | Bailey   | Entered a bailey
  8964 | Bailey   | Noticed an orc warlord
  8987 | Bailey   | Reached **** piety under Wu Jian
  9072 | Bailey   | Found a runed gate.
  9074 | Bailey   | Found a runed gate.
  9076 | Bailey   | Found a runed gate.
  9142 | Bailey   | Noticed a quicksilver dragon
  9142 | Bailey   | an orc warlord changed into a quicksilver dragon
  9215 | Bailey   | Got a coiled granite ring
  9230 | Bailey   | Identified the ring of Veuqumn {rCorr rF+ Stlth+} (You
                  | found it in a bailey)
  9232 | Bailey   | Identified a scroll of acquirement
  9233 | Bailey   | Got an ebony lajatang
  9236 | Bailey   | Identified the +3 lajatang of Internal Strife {drain,
                  | +Blink} (You acquired it in a bailey)
  9701 | D:10     | Entered Level 10 of the Dungeon
  9854 | D:10     | Reached skill level 5 in Evocations
  9884 | D:10     | Noticed a green ugly thing
  9898 | D:10     | Found a staircase to the Lair.
  9899 | D:10     | Noticed a two-headed ogre
  9903 | Lair:1   | Entered Level 1 of the Lair of Beasts
 10081 | Lair:1   | Reached skill level 10 in Armour
 10081 | Lair:1   | Reached XP level 12. HP: 97/97 MP: 15/15
 10288 | Lair:1   | Reached ***** piety under Wu Jian
 10448 | Lair:1   | Noticed Sonja
 10678 | Lair:1   | Killed Sonja
 10931 | Lair:2   | Reached skill level 5 in Dodging
 10958 | Lair:2   | Found a staircase to the Shoals.
 11276 | Lair:2   | Got a spiked chain mail
 12192 | Lair:3   | Found a hole to the Spider Nest.
 12403 | Lair:3   | Noticed yrara's ghost (journeyman DsFi)
 12405 | Lair:3   | Found a transporter.
 12410 | Lair:3   | Noticed an alligator
 12416 | Lair:3   | Reached XP level 13. HP: 101/104 MP: 16/16
 12541 | Lair:3   | Found a transporter.
 12631 | Lair:3   | Reached skill level 11 in Fighting
 12871 | Lair:4   | Identified the cursed +1 chain mail "Fimmonle" {rElec} (You
                  | found it on level 2 of the Lair of Beasts)
 13205 | Lair:4   | Noticed an eight-headed hydra
 13434 | Lair:4   | Killed a 15-headed hydra
 13517 | Lair:4   | Reached skill level 5 in Throwing
 13594 | Lair:4   | Noticed a catoblepas
 13655 | Lair:4   | Killed a catoblepas
 13922 | Lair:4   | Reached skill level 12 in Fighting
 14323 | Lair:4   | Reached ****** piety under Wu Jian
 14460 | Lair:5   | Noticed a five-headed hydra
 15269 | Lair:5   | Reached XP level 14. HP: 111/116 MP: 17/17
 15428 | Lair:5   | Reached skill level 10 in Dodging
 15624 | Lair:6   | Entered Level 6 of the Lair of Beasts
 15624 | Lair:6   | Found a staircase to the Slime Pits.
 15656 | Lair:6   | Reached skill level 13 in Fighting
 16239 | Lair:6   | Reached skill level 14 in Fighting
 17664 | Shoals:1 | Entered Level 1 of the Shoals
 17736 | Shoals:1 | Reached XP level 15. HP: 122/127 MP: 18/18
 17863 | Shoals:1 | Reached skill level 15 in Fighting
 18247 | Shoals:1 | Got a polished leather armour
 18277 | Shoals:1 | Reached skill level 10 in Throwing
 18318 | Shoals:1 | Identified the +3 leather armour of Toco {+Inv Str-2 Int+9
                  | Dex-2} (You found it on level 1 of the Shoals)
 18993 | Shoals:2 | Reached skill level 16 in Fighting
 19786 | Shoals:2 | Reached XP level 16. HP: 45/139 MP: 1/20
 19932 | Shoals:2 | Reached XP level 17. HP: 145/145 MP: 22/22
 20317 | Shoals:3 | Entered Level 3 of the Shoals
 20487 | Shoals:3 | Killed from afar by a water nymph

Skill      XL: |  1  2  3  4  5  6  7  8  9 10 11 12 13 14 15 16 |
---------------+-------------------------------------------------+-----
Throwing       | 1 2 3 6 9 10 11 | 11.2
Fighting       | 2 4 6 8 10 12 14 16 | 16.4
Armour         | 3 5 7 8 10 11 | 11.2
Axes           | 1 |  1.2
Staves         | 2 5 8 10 12 14 | 14.0
Evocations     | 1 5 6 |  6.9
Dodging        | 8 9 10 11 | 11.2
Stealth        | |  3.6

Action                   |  1- 3 |  4- 6 |  7- 9 | 10-12 | 13-15 | 16-18 || total
-------------------------+-------+-------+-------+-------+-------+-------++-------
Melee: Club              |    28 |       |       |       |       |       ||    28
       Dagger            |    63 |       |       |       |       |       ||    63
       Short sword       |    66 |       |       |       |       |       ||    66
       Mace              |    29 |    91 |       |       |       |       ||   120
       War axe           |       |   140 |    55 |       |       |       ||   195
       Quarterstaff      |       |       |   218 |   344 |       |       ||   562
       Lajatang          |       |       |       |   331 |  1055 |    34 ||  1420
 Fire: Blowgun           |       |    91 |       |       |     7 |       ||    98
Throw: Throwing net      |     2 |       |       |     1 |       |       ||     3
       Stone             |    25 |   109 |    88 |     1 |    62 |       ||   285
       Tomahawk          |       |       |       |    60 |   306 |    13 ||   379
       Javelin           |       |       |       |     1 |    56 |       ||    57
Invok: Lunge             |       |       |     5 |    38 |    43 |     2 ||    88
       Whirlwind         |       |       |    65 |   254 |   328 |     6 ||   653
 Abil: Wall Jump         |       |       |       |    32 |    10 |       ||    42
       Serpent's Lash    |       |       |       |     4 |     1 |       ||     5
       Evoke Blink       |       |       |       |     1 |    10 |       ||    11
       Evoke Flight      |       |       |       |       |     1 |       ||     1
  Use: Potion            |       |     3 |       |     2 |     5 |     1 ||    11
       Scroll            |       |       |       |    24 |    10 |     2 ||    36
 Stab: Sleeping          |     3 |     4 |     2 |    17 |     6 |       ||    32
       Petrified         |       |       |     5 |       |       |       ||     5
       Confused          |       |       |     1 |     2 |       |       ||     3
       Paralysed         |       |       |       |     2 |       |       ||     2
       Distracted        |       |       |       |     2 |     2 |       ||     4
  Eat: Chunk             |     2 |    10 |    10 |    18 |    26 |     2 ||    68
       Ration            |       |       |       |     1 |       |       ||     1
Armor: Robe              |    74 |    25 |       |       |       |       ||    99
       Chain mail        |       |    60 |       |       |       |       ||    60
       Troll leather arm |       |   116 |   152 |   198 |   298 |    15 ||   779
       Plate armour      |       |       |       |       |   134 |       ||   134
Dodge: Dodged            |   130 |   177 |   190 |   295 |   679 |    37 ||  1508
